 Dungeon Crawl Stone Soup version 0.25.0-46-gbd7b0854d2 (webtiles) character file.

Game seed: 6718706771462177278

125 Jimbable the Poker (level 5, -4/41 HPs)
             Began as a Merfolk Gladiator on July 16, 2020.
             Was an Initiate of Okawaru.
             Slain by Grinder (6 damage)
             ... while paralysed by Grinder
             ... on level 3 of the Dungeon.
             The game lasted 00:03:13 (1319 turns).

Jimbable the Poker (Merfolk Gladiator)              Turns: 1319, Time: 00:03:14

Health: -4/41      AC:  5    Str: 16    XL:     5   Next: 9%
Magic:  5/5        EV:  2    Int:  7    God:    Okawaru [......]
Gold:   112        SH:  0    Dex: 15    Spells: 4/4 levels left

rFire    . . .     SeeInvis .   a - +0 trident
rCold    . . .     Gourm    .   (no shield)
rNeg     . . .     Faith    .   b - +0 leather armour
rPois    .         Spirit   .   c - +0 helmet
rElec    .         Reflect  .   k - +0 cloak (curse)
rCorr    .         Harm     .   (no gloves)
MR       .....                  (no boots)
Stlth    +.........             (no amulet)
HPRegen  0.13/turn              e - +4 ring of slaying
MPRegen  0.09/turn              (no ring)

@: paralysed
A: change form in water, swift swim, stealthy swim
a: Renounce Religion


You were on level 3 of the Dungeon.
You worshipped Okawaru.
Okawaru was noncommittal.
You were not hungry.

You visited 1 branch of the dungeon, and saw 3 of its levels.

You collected 112 gold pieces.

Inventory:

Hand Weapons
 a - a +0 trident (weapon)
Armour
 b - a +0 leather armour (worn)
 c - a +0 helmet (worn)
 k - a cursed +0 cloak (worn)
Jewellery
 e - a +4 ring of slaying (left hand)
Scrolls
 j - a scroll of noise {unknown}
 l - a scroll of blinking {unknown}
 n - a scroll of fog {unknown}
 o - 4 scrolls of enchant armour {unknown}
 p - 2 scrolls of enchant weapon {unknown}
 q - a scroll of identify {unknown}
Potions
 h - a potion of heal wounds {unknown}
 i - a potion of curing {unknown}
 m - 2 potions of haste {unknown}
 r - a potion of mutation {unknown}
Comestibles
 f - 9 rations
 g - 11 chunks of flesh


   Skills:
 + Level 3.0 Fighting
 + Level 6.6 Polearms
 + Level 2.3 Throwing
 + Level 0.5 Armour
 + Level 4.5 Dodging
 + Level 0.5 Stealth


You had 4 spell levels left.
You didn't know any spells.
Your spell library was empty.

Dungeon Overview and Level Annotations

Branches:
Dungeon (3/15)

Altars:
Okawaru

Annotations:
D:3 Grinder


Message History

You closely miss Grinder. Grinder hits you.
You writhe in agony.
You closely miss Grinder. Grinder closely misses you.
You puncture Grinder!
Grinder is moderately wounded.
Grinder barely misses you.
You closely miss Grinder.
Grinder is moderately wounded.
Grinder gestures at you.
You suddenly lose the ability to move!
Grinder hits you!
* * * LOW HITPOINT WARNING * * *
Grinder hits you.
* * * LOW HITPOINT WARNING * * *
Grinder says, "I used to sell toenails on the black market."
Grinder hits you.
* * * LOW HITPOINT WARNING * * *
You writhe in agony.
* * * LOW HITPOINT WARNING * * *
Grinder hits you.
You die...

#.#..# #.#..# #$...
###...# ########.
##.#...# #........
##......# #.######.##
##....5..# #÷÷<.......
#.....@..####)######.##
##....(......÷.#
#....#..###...#
#.#.##..# #÷..# # #.
#....#...# #.
#.##.#...# # #.# .#....
#.# #.#.## #.. ..#.#


You could see Grinder.

Vanquished Creatures
  2 gnolls (D:3)
  5 adders
  2 worms (D:2)
  A dart slug (D:1)
  5 bats
  2 giant cockroaches (D:2)
  10 goblins
  8 hobgoblins
  5 jackals
  A kobold (D:1)
  2 frilled lizards
  11 rats
54 creatures vanquished.

Notes
Turn   | Place    | Note
-------+----------+-------------------------------------------
     0 | D:1      | Jimbable the Merfolk Gladiator began the quest for the Orb.
     0 | D:1      | Reached XP level 1. HP: 16/16 MP: 1/1
    54 | D:1      | Reached XP level 2. HP: 22/22 MP: 2/2
   189 | D:1      | Reached skill level 5 in Polearms
   256 | D:1      | Reached XP level 3. HP: 28/28 MP: 3/3
   681 | D:2      | Reached skill level 6 in Polearms
   681 | D:2      | Reached XP level 4. HP: 34/34 MP: 4/4
   716 | D:2      | Found an iron altar of Okawaru.
   726 | D:2      | Became a worshipper of Warmaster Okawaru
  1025 | D:2      | Found a faded altar of an unknown god.
  1107 | D:3      | Reached XP level 5. HP: 20/41 MP: 5/5
  1297 | D:3      | Noticed Grinder
  1299 | D:3      | Paralysed by Grinder for 7 turns
  1315 | D:3      | Paralysed by Grinder for 5 turns
  1318 | D:3      | HP: 1/41 [Grinder (5)]
  1319 | D:3      | Slain by Grinder

Illustrated notes

Levels and vault maps discovered:
D:1:      dpeg_arrival_stonehenge_8_columns, layout_loops_ring,
          minmay_pentomino_u2
D:2:      layout_rooms, overflow_temple_1_default, first_ration,
          chequers_ecumenical_altar_twisty
D:3:      layout_loops_ring, uniq_grinder

Skill      XL: |  1  2  3  4 |
---------------+-------------+-----
Polearms       | 5 6 |  6.6
Fighting       | 3 |  3.0
Throwing       | |  2.3
Armour         | |  0.5
Dodging        | |  4.5
Stealth        | |  0.5

Action                   |  1- 3 |  4- 6 || total
-------------------------+-------+-------++-------
Melee: Trident           |    77 |    68 ||   145
Throw: Throwing net      |       |     3 ||     3
 Stab: Sleeping          |     5 |       ||     5
  Eat: Chunk             |       |     1 ||     1
Armor: Leather armour    |    11 |    24 ||    35
Dodge: Dodged            |    31 |    63 ||    94
